 Dungeon Crawl Stone Soup version 0.32-a0-699-g1ee5eff69a (webtiles) character file.

Game seed: 923984968293433407

4018 Griffin23 the Blocker (level 10, -1/83 HPs)
             Began as a Minotaur Fighter on Mar 13, 2024.
             Was a Priest of Nemelex Xobeh.
             Slain by a spriggan
             ... wielding a +1 lajatang of speed
              (21 damage)
             ... in a bailey.
             The game lasted 00:23:55 (8807 turns).

Griffin23 the Blocker (Minotaur Fighter)            Turns: 8807, Time: 00:23:56

Health: -1/83      AC: 16    Str: 22    XL:     10   Next: 3%
Magic:  3/3        EV:  7    Int:  5    God:    Nemelex Xobeh [***...]
Gold:   457        SH:  6    Dex: 13    Spells: 14/14 levels left

rFire   . . .        a - +0 long sword
rCold   . . .        c - +0 buckler
rNeg    + . .        F - +2 plate armour {rN+}
rPois   .            (helmet restricted)
rElec   +            (no cloak)
rCorr   .            q - +1 pair of gloves of Resonance {rElec MP-9 SInv}
SInv    +            (no boots)
Will    .....        u - amulet of regeneration Stlth
                     l - ring of see invisible
HPRegen 1.13/turn    (no ring)
MPRegen 0.08/turn

%: no passive effects
@: no status effects
A: horns 2, retaliatory headbutt
a: Renounce Religion, Draw Escape, Draw Destruction, Draw Summoning, Triple Draw


You were in a bailey.
You worshipped Nemelex Xobeh.
Nemelex Xobeh was most pleased with you.
You visited 2 branches of the dungeon, and saw 9 of its levels.
You also visited: Bailey.

You collected 527 gold pieces.
You spent 70 gold pieces at shops.

Inventory:

Hand Weapons
 a - a +0 long sword (weapon)
Missiles
 j - 3 silver javelins (quivered)
Armour
 c - a +0 buckler (worn)
 n - a +0 chain mail
 q - the +1 pair of gloves of Resonance (worn) {rElec MP-9 SInv}
   (You found it on level 7 of the Dungeon)

   rElec:     It insulates you from electricity.
   MP-9:      It affects your magic capacity (-9).
   SInv:      It lets you see invisible.
 w - a +0 pair of gloves
 F - a +2 plate armour of positive energy (worn)
Jewellery
 l - a ring of see invisible (left hand)
 u - an amulet of regeneration (around neck)
 H - a +6 ring of dexterity
Talismans
 D - a flux talisman
Wands
 d - a wand of charming (5)
 x - a wand of acid (3)
 E - a wand of flame (24)
Scrolls
 e - 2 scrolls of noise
 f - 4 scrolls of immolation
 h - 2 scrolls of butterflies {unknown}
 i - 2 scrolls of amnesia
 m - 3 scrolls of torment
 p - 3 scrolls of revelation {unknown}
 s - 5 scrolls of teleportation
 y - 2 scrolls of vulnerability {unknown}
 z - 2 scrolls of fog {unknown}
 B - a scroll of acquirement {unknown}
 G - a scroll of poison {unknown}
 I - a scroll of identify
Potions
 b - a potion of lignification {unknown}
 g - 2 potions of berserk rage {unknown}
 k - 3 potions of curing
 o - a potion of magic {unknown}
 r - a potion of mutation {unknown}
 t - 4 potions of degeneration
 v - a potion of brilliance {unknown}
 A - a potion of heal wounds
 C - a potion of ambrosia {unknown}
 J - a potion of cancellation {unknown}


   Skills:
 * Level 5.8 Fighting
 - Level 3.9(5.6) Short Blades
 * Level 7.0(7.6) Long Blades
 + Level 1.7 Throwing
 * Level 5.7 Armour
 - Level 5.4 Dodging
 - Level 3.2 Stealth
 * Level 9.0 Shields
 - Level 5.2 Unarmed Combat
 - Level 2.5 Spellcasting
 + Level 1.4 Evocations


You had 14 spell levels left.
You didn't know any spells.
Your spell library contained the following spells:

 Spells                   Type           Power      Damage    Failure   Level
 Tukima's Dance           Hex            0%         N/A       100%        3
 Brom's Barrelling Bould  Conj/Erth      0%         2d3       100%        4
 Dimensional Bullseye     Hex/Tloc       0%         N/A       100%        4
 Iskenderun's Mystic Bla  Conj/Tloc      0%         2d3       100%        4
 Fireball                 Conj/Fire      0%         3d3       100%        5
 Iskenderun's Battlesphe  Conj           0%         2d6       100%        5
 Summon Forest            Summ/Tloc      0%         N/A       100%        5
 Summon Mana Viper        Hex/Summ       0%         N/A       100%        5
 Conjure Ball Lightning   Conj/Air       0%         3x3d6     100%        6
 Summon Cactus Giant      Summ           0%         N/A       100%        6
 Orb of Destruction       Conj           0%         9d5       100%        7


Dungeon Overview and Level Annotations

Branches:
Dungeon (8/15)             Temple (1/1) D:4          Bailey (1/1)
   Lair: D:8-11

Altars:
Ashenzari
Cheibriados
Dithmenos
Elyvilon
Fedhas
Gozag
Hepliaklqana
Kikubaaqudgha
Makhleb
Nemelex Xobeh
Okawaru
Ru
Sif Muna
Trog
Uskayaw
Vehumet
Wu Jian
Xom
Yredelemnul
Zin
The Shining One

Shops:
D:2 [   D:7 *

Annotations:
D:4 Robin


Innate Abilities, Weirdness & Mutations

You have a pair of horns on your head.
You reflexively headbutt those who attack you in melee.


Message History

The spriggan closely misses you. You block the spriggan's attack.
You hit the spriggan but do no damage. You block the spriggan's attack.
You barely miss the spriggan. Your headbutt misses the spriggan.
The spriggan barely misses you.
You hit the spriggan. Your headbutt misses the spriggan.
The spriggan is lightly wounded.
You block the spriggan's attack. x2
You slash the spriggan! Your headbutt misses the spriggan.
The spriggan is heavily wounded.
The spriggan hits you but does no damage.
You closely miss the spriggan. Your headbutt misses the spriggan.
The spriggan is heavily wounded.
The spriggan barely misses you. You furiously retaliate!
You headbutt the spriggan!
The spriggan hits you with a +1 lajatang of speed!
You barely miss the spriggan.
The spriggan is severely wounded.
The spriggan hits you with a +1 lajatang of speed!
* * * LOW HITPOINT WARNING * * *
The spriggan barely misses you.
You miss the spriggan.
You headbutt the spriggan, but do no damage.
The spriggan is severely wounded.
You block the spriggan's attack.
You hit the spriggan but do no damage.
The spriggan is severely wounded.
You block the spriggan's attack. The spriggan barely misses you.
You miss the spriggan.
The spriggan is severely wounded.
The spriggan hits you with a +1 lajatang of speed!
* * * LOW HITPOINT WARNING * * *
You miss the spriggan.
The spriggan is severely wounded.
You block the spriggan's attack. The spriggan barely misses you.
You hit the spriggan.
You headbutt the spriggan, but do no damage.
The spriggan is almost dead.
The spriggan hits you with a +1 lajatang of speed!!
You die...
Your body disappears without a glow.

#########
##.).....##
##...).....#
##...))~~....
##..####~####.
##.i♣# ...
#.@## ♣♣..
#..♣ .. #..# .
#..# #..♣ #..#
#..## #.
##..#♣ #..
##..## #..#


You could see a spriggan.

Vanquished Creatures
  Grinder (D:6)
  Prince Ribbit (D:8)
  Sigmund (D:3)
  2 spriggans (Bailey)
  A wyvern (D:6)
  A steam dragon (D:8)
  A water moccasin (D:5)
  A sky beast (D:5)
  A swamp drake (Bailey)
  An elephant zombie (D:6)
  3 centaurs
  A phantom (D:7)
  3 ogres
  A kobold brigand (D:8)
  2 bullfrogs
  3 scorpions
  A wight (D:6)
  5 howler monkeys
  2 bombardier beetles
  A jelly (D:7)
  5 hounds
  5 orc priests
  3 human zombies (D:6)
  2 orc wizards
  3 sleepcaps
  5 iguanas
  6 scorpion zombies (D:6)
  2 ogre zombies (D:6)
  3 hound zombies (D:6)
  6 adders
  2 shadow imps
  3 white imps
  21 orcs
  3 ball pythons
  7 endoplasms
  5 giant cockroaches
  10 goblins
  11 hobgoblins
  2 jackals (D:5)
  12 kobolds
  2 quokkas (D:1)
  4 bats
  4 frilled lizards
  3 rats (D:2)
162 creatures vanquished.

Vanquished Creatures (collateral kills)
  A spriggan (Bailey)
  An ogre (Bailey)
2 creatures vanquished.

Grand Total: 164 creatures vanquished

Notes
Turn   | Place    | Note
-------+----------+-------------------------------------------
     0 | D:1      | Griffin23 the Minotaur Fighter began the quest for the Orb.
     0 | D:1      | Reached XP level 1. HP: 19/19 MP: 0/0
   219 | D:1      | Reached XP level 2. HP: 25/27 MP: 1/1
   657 | D:1      | Reached skill level 4 in Shields
  1240 | D:2      | Reached XP level 3. HP: 33/33 MP: 2/2
  1702 | D:2      | Found Fighoum's Armour Emporium.
  1725 | D:2      | Reached skill level 1 in Dodging
  2025 | D:3      | Found a faded altar of an unknown god.
  2083 | D:3      | Reached skill level 1 in Unarmed Combat
  2264 | D:3      | Reached skill level 1 in Throwing
  2264 | D:3      | Reached XP level 4. HP: 22/40 MP: 2/4
  2516 | D:3      | Noticed Sigmund
  2534 | D:3      | Killed Sigmund
  2535 | D:3      | Reached skill level 1 in Short Blades
  2535 | D:3      | Reached skill level 1 in Stealth
  2535 | D:3      | Reached skill level 1 in Spellcasting
  2535 | D:3      | Reached XP level 5. HP: 24/46 MP: 5/5
  2875 | D:3      | Reached XP level 6. HP: 52/52 MP: 6/6
  3072 | D:4      | Noticed Robin
  3489 | D:4      | Reached skill level 5 in Shields
  3646 | D:4      | Found a staircase to the Ecumenical Temple.
  4271 | Temple   | Entered the Ecumenical Temple
  4294 | Temple   | Became a worshipper of Nemelex Xobeh the Trickster
  4328 | D:5      | Entered Level 5 of the Dungeon
  4427 | D:5      | Reached XP level 7. HP: 58/58 MP: 8/8
  5548 | D:5      | Reached * piety under Nemelex Xobeh
  5745 | D:5      | Reached skill level 6 in Shields
  5754 | D:5      | Reached XP level 8. HP: 59/66 MP: 10/10
  5768 | D:6      | Received a gift from Nemelex Xobeh
  6033 | D:6      | Reached skill level 1 in Evocations
  6195 | D:6      | Noticed Jeremiah
  6206 | D:6      | Jeremiah changed into Jeremiah the wyvern
  6206 | D:6      | Noticed Jeremiah
  6212 | D:6      | Killed Jeremiah the wyvern
  6364 | D:6      | Reached skill level 7 in Shields
  6418 | D:6      | Noticed Grinder
  6423 | D:6      | Paralysed by Grinder for 2 turns
  6437 | D:6      | Killed Grinder
  6438 | D:6      | Reached skill level 5 in Dodging
  6579 | D:6      | Reached skill level 5 in Unarmed Combat
  6628 | D:6      | Reached XP level 9. HP: 71/71 MP: 11/11
  6717 | D:6      | Found a basalt altar of Yredelemnul.
  6872 | D:6      | Reached skill level 8 in Shields
  7063 | D:7      | Reached ** piety under Nemelex Xobeh
  7075 | D:7      | Found an opulent altar of Gozag.
  7355 | D:7      | Paralysed by a hornet for 2 turns
  7479 | D:7      | Found Zetun's Hallowed Reliquary.
  7486 | D:7      | Noticed an angel
  7488 | D:7      | Identified the +1 pair of gloves of Resonance {rElec MP-9
                  | SInv}
  7508 | D:7      | Bought a potion of heal wounds for 70 gold pieces
  7611 | D:7      | Received a gift from Nemelex Xobeh
  8406 | D:8      | Noticed Prince Ribbit
  8415 | D:8      | Killed Prince Ribbit
  8416 | D:8      | Reached skill level 5 in Long Blades
  8463 | D:8      | Reached skill level 5 in Fighting
  8491 | D:8      | Reached skill level 5 in Armour
  8642 | D:8      | Reached *** piety under Nemelex Xobeh
  8672 | D:8      | Found a flagged portal.
  8700 | Bailey   | Entered a bailey
  8791 | Bailey   | Reached skill level 9 in Shields
  8791 | Bailey   | Reached XP level 10. HP: 16/83 MP: 3/12
  8807 | Bailey   | Slain by a spriggan

Illustrated notes

Levels and vault maps discovered:
D:1:      erik_arrival_triangle_small, layout_basic,
          nicolae_kite_square_tiling_tiny, minmay_misc_feat_diagonals
D:2:      layout_basic, serial_shops, nicolae_shop_window_shopping
D:3:      wander_river, layout_basic, basic_ecumenical_altar, minmay_liquid_box,
          kennysheep_cross_room, kennysheep_crisscross, uniq_sigmund
D:4:      layout_gridville, minmay_temple_entry_junction, serial_bayou_lake_a,
          uniq_robin
D:5:      layout_layer_cave, kennysheep_generic_room_8
D:6:      layout_gridville, serial_bayou_pond_b, roadster_capsule_ark_zombie,
          uniq_jeremiah, uniq_grinder
D:7:      layout_layer_cave, mainiacjoe_overflow_alcove_1, nicolae_good_shop,
          uniq_maurice
D:8:      layout_rooms, enter_bailey_5, uniq_prince_ribbit1
Temple:   nicolae_temple_bog_church
Bailey:   bailey_polearm_enchanted_keep_hellmonk, bailey

Skill      XL: |  1  2  3  4  5  6  7  8  9 |
---------------+----------------------------+-----
Shields        | 4 5 6 7 9 |  9.0
Dodging        | 1 2 3 4 5 |  5.4
Unarmed Combat | 1 2 3 5 |  5.2
Throwing       | 1 |  1.7
Short Blades   | 1 2 3 |  3.9
Stealth        | 1 2 3 |  3.2
Spellcasting   | 1 2 |  2.5
Evocations     | 1 |  1.4
Long Blades    | 7 |  7.0
Fighting       | 5 |  5.8
Armour         | 5 |  5.7

Action                     |  1- 3 |  4- 6 |  7- 9 | 10-12 || total
---------------------------+-------+-------+-------+-------++-------
  Melee: Long sword        |    98 |   116 |   347 |    12 ||   573
         Headbutt          |    16 |    22 |    95 |     2 ||   135
  Throw: Javelin           |     3 |       |       |       ||     3
 Invoke: Draw Destruction  |       |       |    12 |       ||    12
         Draw Escape       |       |       |     1 |       ||     1
  Evoke: Wand              |       |       |    11 |       ||    11
    Use: Potion            |       |     1 |     4 |     1 ||     6
         Scroll            |       |       |     6 |       ||     6
 Armour: Scale mail        |    39 |       |       |       ||    39
         Chain mail        |    39 |   124 |   173 |       ||   336
         Plate armour      |       |       |   188 |     8 ||   196
  Dodge: Dodged            |    45 |    68 |   185 |     7 ||   305
  Block: Buckler           |    19 |    34 |   121 |     7 ||   181

Table legend: (Time is in decaauts)
 A = Elapsed time spent in this place.
 B = Non-inter-level travel time spent in this place.
 C = Inter-level travel time spent in this place.
 D = Time resting spent in this place.
 E = Time spent auto-exploring this place.
 F = Levels seen in this place.
 G = Mean time per level.
                   A        B        C        D        E       F      G
               +--------+--------+--------+--------+--------+-----+--------+
         Total |   9020 |   8630 |    390 |   1038 |   6168 |  10 |  902.0 |
       Dungeon |   8861 |   8507 |    354 |   1033 |   6138 |   8 | 1107.6 |
        Temple |     45 |      9 |     36 |      0 |      0 |   1 |   45.0 |
        Bailey |    114 |    114 |      0 |      5 |     29 |   1 |  114.0 |
               +--------+--------+--------+--------+--------+-----+--------+

Top non-repeatable levels by time:
     D:5: 1448 daAuts
     D:3: 1405 daAuts
     D:7: 1349 daAuts
     D:6: 1300 daAuts
     D:1: 1035 daAuts
     D:2: 1014 daAuts
     D:4: 944 daAuts
     D:8: 361 daAuts
  Bailey: 114 daAuts
  Temple: 45 daAuts
